Map: Cyber Forest LE

Players

MaSa

  • Race: Terran Terran
  • League: Master
  • Spawn Location: 11:00

TIME (Oliveira) - Winner!

  • Race: Terran Terran
  • League: Master
  • Spawn Location: 5:00

Event: 2019 WCS Winter Americas

VOD

Have the link to the VOD?

Description

Time

  • Played on: April 6, 2019, 2:09 p.m.
  • Length: 12:06

All games in this series

Show
View Real Time Build Order
Export as new Build Order

MaSa Terran 

Build Orders: 1/1/1, Banshee Rush 

Get SALT Encoding   

  12  0:00  SCV  
  13  0:12  SCV  
  14  0:17  Supply Depot  
  14  0:24  SCV  
  15  0:29  Refinery  
  15  0:38  SCV  
  16  0:45  Barracks  
  16  0:50  SCV  
  17  0:58  Refinery  
  17  1:02  SCV  
  18  1:14  SCV  
  19  1:32  Orbital Command, Factory  
  19  1:35  Reaper  
  20  1:43  Supply Depot  
  20  1:57  SCV  
  21  2:07  Reaper  
  22  2:09  SCV  
  23  2:17  Hellion, Starport  
  23  2:21  SCV  
  26  2:24  Supply Depot  
  26  2:34  SCV  
  27  2:42  Barracks Tech Lab  
  27  2:44  Factory Tech Lab  
  27  2:46  SCV  
  26  2:59  Command Center  
  26  3:08  Banshee  
  29  3:14  Cloaking Field  
  29  3:16  SCV  
  29  3:19  Barracks Reactor  
  30  3:28  Siege Tank  
  30  3:30  SCV  
  34  3:36  Supply Depot  
  34  3:42  SCV  
  34  3:47  Refinery  
  35  3:54  SCV  
  36  3:57  Marine x2  
  38  4:04  Raven  
  38  4:06  SCV  
  41  4:11  Orbital Command  
  41  4:15  Marine  
  41  4:16  Marine  
  43  4:19  SCV  
  44  4:31  SCV  
  45  4:40  SCV  
  45  4:43  SCV  
  49  4:47  Siege Tank  
  49  4:52  SCV  
  51  4:55  SCV  
  51  4:56  Viking x2  
  56  5:00  Supply Depot  
  56  5:04  SCV  
  56  5:05  Marine  
  58  5:07  SCV, Supply Depot  
  59  5:16  SCV  
  59  5:19  SCV  
  61  5:21  Siege Tank  
  61  5:26  Viking x2  
  68  5:28  SCV  
  68  5:29  Marine  
  68  5:31  SCV  
  71  5:41  SCV  
  72  5:42  Supply Depot  
  72  5:43  SCV  
  72  5:46  Refinery  
  72  5:49  Supply Depot, Marine  
  74  5:53  SCV  
  74  5:55  Siege Tank  
  78  6:03  SCV  
  78  6:04  Viking x2  
  78  6:05  SCV  
  83  6:16  SCV  
  84  6:19  SCV  
  84  6:21  Marine  
  84  6:22  Stimpack  
  86  6:28  SCV  
  86  6:30  Barracks  
  86  6:31  Barracks x2  
  86  6:32  SCV, Barracks  
  88  6:44  SCV  
  89  6:47  Siege Tank  
  89  6:49  SCV, Command Center  
  93  6:56  SCV  
  91  7:01  SCV  
  91  7:05  Marine  
  91  7:07  Viking  
  93  7:08  Viking  
  93  7:10  SCV, Supply Depot  
  93  7:11  Supply Depot  
  88  7:16  SCV  
  88  7:21  Barracks Reactor x4  
  88  7:22  SCV  
  84  7:28  SCV  
  83  7:33  Siege Tank, Marine  
  83  7:34  SCV  
  88  7:40  SCV  
  89  7:45  Barracks Tech Lab x2  
  89  7:46  SCV, Starport  
  89  7:48  Liberator x2  
  90  7:52  SCV  
  90  7:54  Marine  
  90  7:58  SCV  
  94  8:03  Engineering Bay  
  93  8:08  SCV  
  93  8:10  Marine x3  
  93  8:11  Marauder  
  100  8:14  Liberator  
  100  8:15  Marauder x2  
  100  8:17  Orbital Command  
  101  8:26  Orbital Command  
  98  8:28  Marine x2  
  98  8:32  Marauder, Marine x2  
  101  8:36  Marauder, Siege Tank  
  101  8:39  SCV  
  104  8:47  Orbital Command  
  101  8:50  Supply Depot  
  101  8:51  SCV  
  98  9:03  SCV, Viking  
  98  9:06  Orbital Command  
  98  9:09  Supply Depot  
  101  9:11  Viking  
  101  9:17  Viking  
  105  9:20  SCV  
  105  9:22  SCV  
  105  9:23  Marauder, Marine x2  
  101  9:32  SCV  
  101  9:33  Viking  
  97  9:43  SCV, Viking  
  97  9:45  Marine x6  
  99  9:46  SCV  
  99  9:50  SCV, Refinery  
  99  9:51  Refinery  
  103  9:53  Refinery  
  103  9:55  SCV  
  103  9:59  SCV  
  105  10:02  SCV  
  105  10:03  Siege Tank  
  102  10:12  SCV  
  102  10:14  Marauder, Marine x2  
  91  10:16  SCV  
  91  10:21  SCV  
  90  10:23  Marine x2  
  90  10:24  Marauder, SCV  
  90  10:28  SCV  
  83  10:31  Marauder, Marine  
  83  10:32  Viking, Marine  
  83  10:33  SCV  
  83  10:34  Viking  
  90  10:36  Marauder, SCV  
  90  10:40  SCV  
  93  10:43  Marine  
  93  10:44  Starport Tech Lab  
  93  10:45  Marauder  
  94  10:53  Marine x2  
  94  10:54  Marauder, Siege Tank  
  97  10:57  Marauder  
  97  11:01  Marine  
  97  11:02  Viking, Marine  
  101  11:06  Marauder, Supply Depot  
  101  11:09  Supply Depot  
  101  11:10  Banshee  
  103  11:13  Marine x2  
  103  11:15  Marauder  
  94  11:18  Marauder  
  94  11:19  Marine  
  94  11:20  Marine  
  94  11:23  Orbital Command  
  85  11:28  Marauder, Viking  
  85  11:30  SCV  
  90  11:36  Marine  
  90  11:37  Marauder, Marine x2  
  85  11:42  Marauder, SCV  
  85  11:44  Marine  
Show
View Real Time Build Order
Export as new Build Order

TIME Terran - Winner!

Build Orders: Reaper Expand, Mech 

Get SALT Encoding   

  12  0:00  SCV  
  13  0:13  SCV  
  14  0:17  Supply Depot  
  14  0:25  SCV  
  15  0:39  SCV, Barracks  
  16  0:44  Refinery  
  16  0:51  SCV  
  17  1:03  SCV  
  18  1:15  SCV  
  19  1:27  Reaper  
  19  1:28  Orbital Command  
  20  1:40  Command Center  
  20  1:48  Supply Depot  
  20  1:53  SCV  
  21  1:59  Marine  
  22  2:05  SCV  
  22  2:07  Factory  
  23  2:15  Refinery  
  23  2:17  SCV  
  23  2:20  Barracks Reactor  
  24  2:23  Bunker  
  24  2:29  SCV  
  25  2:44  SCV  
  27  2:51  Hellion  
  27  2:52  Starport, Orbital Command  
  27  2:56  SCV  
  28  2:58  Marine  
  28  3:01  Marine  
  30  3:08  SCV  
  31  3:13  Factory Tech Lab  
  31  3:14  Refinery  
  31  3:16  Marine  
  31  3:18  SCV  
  31  3:19  Marine  
  34  3:21  SCV  
  35  3:30  SCV  
  35  3:33  SCV  
  37  3:36  Marine x2  
  37  3:38  Raven  
  41  3:42  SCV, Factory Tech Lab  
  41  3:43  Supply Depot  
  41  3:45  SCV  
  43  3:51  Refinery  
  43  3:54  SCV  
  44  3:56  Marine x2  
  44  4:00  Supply Depot  
  46  4:04  SCV, Cyclone  
  46  4:06  SCV  
  51  4:14  Supply Depot  
  51  4:16  SCV  
  52  4:18  Marine x2  
  52  4:22  SCV  
  54  4:28  Raven  
  54  4:33  SCV  
  54  4:34  SCV  
  58  4:38  Siege Tank  
  58  4:45  SCV  
  58  4:46  SCV  
  58  4:55  Marine x2  
  58  4:57  SCV  
  58  4:58  SCV, Supply Depot  
  62  5:01  Factory  
  62  5:09  SCV  
  62  5:10  SCV, Siege Tank  
  67  5:21  SCV  
  67  5:22  SCV  
  67  5:26  Supply Depot  
  68  5:30  Viking x2  
  68  5:32  Barracks Reactor  
  68  5:33  SCV  
  68  5:35  SCV  
  72  5:42  Siege Tank  
  75  5:45  SCV  
  75  5:46  Supply Depot  
  75  5:47  SCV  
  77  5:50  Supply Depot  
  77  5:57  SCV  
  77  6:01  Siege Tank  
  81  6:05  Command Center  
  81  6:06  Viking  
  81  6:08  SCV  
  81  6:09  SCV  
  85  6:13  Supply Depot  
  85  6:20  SCV  
  85  6:23  Infernal Pre-Igniter, Hellion  
  85  6:24  Hellion  
  90  6:26  SCV  
  90  6:27  Armory  
  90  6:32  SCV  
  92  6:35  Siege Tank  
  95  6:40  SCV  
  92  6:51  Hellion x2  
  92  6:53  SCV  
  95  6:55  SCV  
  94  7:07  SCV  
  95  7:09  SCV  
  90  7:16  Hellion x2, Siege Tank  
  90  7:17  Viking x2  
  90  7:21  Terran Vehicle Weapons Level 1  
  90  7:22  Orbital Command  
  99  7:23  Factory  
  99  7:26  SCV  
  93  7:30  SCV  
  91  7:37  Hellion x2  
  91  7:38  SCV  
  91  7:42  SCV  
  94  7:48  Viking, Siege Tank  
  94  7:49  Viking  
  94  7:50  SCV  
  101  7:51  SCV  
  101  7:54  SCV  
  103  7:59  Hellion x2  
  103  8:02  SCV  
  103  8:03  SCV, Supply Depot x2  
  109  8:06  SCV  
  109  8:11  Refinery  
  109  8:12  Refinery  
  110  8:14  SCV  
  110  8:16  Supply Depot  
  110  8:17  SCV  
  110  8:18  SCV  
  113  8:24  Siege Tank x2  
  115  8:31  Hellion x2  
  115  8:33  SCV  
  121  8:34  SCV x2  
  121  8:40  Factory x2  
  122  8:47  SCV  
  122  8:48  SCV  
  116  8:49  Hellion x2  
  116  8:50  Engineering Bay, Supply Depot  
  116  8:55  Hellion x2  
  120  8:56  Cyclone  
  120  9:02  Viking x2  
  127  9:03  SCV x3  
  130  9:13  Cyclone  
  130  9:15  SCV x2  
  135  9:19  Terran Vehicle Weapons Level 2  
  135  9:21  Armory  
  135  9:28  Factory Tech Lab  
  135  9:29  Factory Reactor  
  135  9:34  Sensor Tower  
  135  9:37  Command Center  
  134  9:42  Siege Tank  
  134  9:43  Viking  
  134  9:44  Viking  
  140  9:52  Supply Depot  
  140  9:53  Supply Depot  
  140  9:54  Siege Tank  
  140  9:57  SCV  
  140  9:59  SCV  
  142  10:05  Hellion, Siege Tank  
  142  10:06  Hellion  
  141  10:12  Hellion x2  
  139  10:14  SCV, Siege Tank  
  138  10:25  Viking x2  
  133  10:31  Siege Tank  
  133  10:32  Hellion x2  
  134  10:43  Hellion x2, Siege Tank  
  134  10:45  SCV  
  134  10:48  Siege Tank  
  145  10:55  Viking  
  145  10:59  Hellion x2  
  145  11:00  Planetary Fortress  
  145  11:01  SCV x2  
  151  11:05  Refinery  
  151  11:06  Refinery  
  151  11:15  Siege Tank  
  146  11:21  Siege Tank  
  146  11:22  Hellion x3, Siege Tank  
  146  11:34  Hellion  
  146  11:35  Command Center  
Tags
 
Add a new tag
Caveats
  • Supply blocks, unpowered buildings, or Contaminate may cause inaccurate times.
  • Supply counts are checked every 10 seconds.